 Dungeon Crawl Stone Soup version 0.22.1-1-ga44c0e5 (webtiles) character file.

176 PinHead the Conjurer (level 5, -2/32 HPs)
             Began as an Octopode Conjurer on Oct 29, 2018.
             Killed from afar by an orc wizard (8 damage)
             ... with a magic dart
             ... on level 3 of the Dungeon.
             The game lasted 00:11:59 (4036 turns).

PinHead the Conjurer (Octopode Conjurer)            Turns: 4036, Time: 00:12:00

Health: -2/32      AC:  1    Str:  7    XL:     5   Next: 56%
Magic:  8/10       EV: 13    Int: 18    God:
Gold:   120        SH:  0    Dex: 13    Spells: 8/11 levels left

rFire    . . .     SeeInvis .   (no weapon)
rCold    . . .     Gourm    .   (no shield)
rNeg     . . .     Faith    .   (helmet restricted)
rPois    +         Spirit   .   (no amulet)
rElec    .         Reflect  .   n - ring of attention (curse)
rCorr    .         Harm     .   r - ring of poison resistance
MR       .....                  (no ring)
Stlth    +.........             (no ring)
HPRegen  0.10/turn              (no ring)
MPRegen  0.12/turn              (no ring)
                                (no ring)
                                (no ring)

@: confused
A: almost no armour, stealthy swim, amphibious, 8 rings, constrict 8, camouflage
1, gelatinous body 1
a: no special abilities


You were on level 3 of the Dungeon.
You were not hungry.

You visited 1 branch of the dungeon, and saw 3 of its levels.

You collected 120 gold pieces.

Inventory:

Hand Weapons
 g - a +0 mace
 q - a +0 short sword
Missiles
 d - 5 javelins (quivered)
 l - 6 needles of confusion
 o - 62 sling bullets
 v - 14 poisoned needles
Jewellery
 n - a cursed ring of attention (left tentacle)
 r - a ring of poison resistance (right tentacle)
Wands
 t - a wand of enslavement (11)
Scrolls
 f - a scroll of fear {unknown}
 h - a scroll of identify {unknown}
 j - 2 scrolls of teleportation
 m - a scroll of blinking {unknown}
 p - a scroll of remove curse {unknown}
 s - a scroll of enchant weapon {unknown}
 u - a scroll of magic mapping {unknown}
Potions
 a - a potion of agility {unknown}
 c - a potion of might {unknown}
 e - 2 potions of haste {unknown}
 i - a potion of lignification {unknown}
 k - a potion of magic {unknown}
Comestibles
 b - 5 rations


   Skills:
 + Level 0.6 Fighting
 - Level 2.0 Dodging
 - Level 2.6 Stealth
 + Level 3.9 Spellcasting
 + Level 5.2 Conjurations


You had 8 spell levels left.
You knew the following spells:

 Your Spells              Type           Power        Failure   Level  Hunger
a - Magic Dart            Conj           ###.         1%          1    None
b - Searing Ray           Conj           ###...       2%          2    ##.....

Your spell library contained the following spells:

 Spells                   Type           Power        Failure   Level  Hunger
 Dazzling Spray           Conj/Hex       ##....       16%         3    ###....
 Iskenderun's Mystic Bla  Conj           ###.....     17%         4    ####...
 Force Lance              Conj/Tloc      ##......     45%         4    ####...
 Fulminant Prism          Conj/Hex       ##........   45%         4    ####...


Dungeon Overview and Level Annotations

Branches:
Dungeon (3/15)

Altars:

Annotations:
D:2 exclusion: downstairs


Innate Abilities, Weirdness & Mutations

You cannot wear most types of armour.
You are very stealthy in the water. (Stealth+)
You are amphibious.
You can wear up to eight rings at the same time.
You can use your tentacles to constrict eight enemies at once.
Your skin changes colour to match your surroundings (Stealth+).
Your rubbery body absorbs attacks. (AC +1, EV +1)


Message History

You squeeze the orc wizard, but do no damage.
The orc wizard hits you with a dagger.
You miss the orc wizard. The orc wizard hits you with a dagger.
You barely miss the orc wizard.
The orc wizard gestures at you while chanting.
The magic dart hits you!
You bump into the rock wall.
The orc wizard completely misses you.
You miss the orc wizard. Your squeeze misses the orc wizard.
The orc wizard hits you with a dagger.
You tentacle-slap the orc wizard but do no damage.
Your squeeze misses the orc wizard. The orc wizard hits you with a dagger.
You bump into the rock wall.
The orc wizard closely misses you.
You bump into the rock wall.
The orc wizard gestures at you while chanting.
The magic dart hits you!
* * * LOW HITPOINT WARNING * * *
You tentacle-slap the orc wizard but do no damage.
The orc wizard casts a spell at you. The magic dart hits you!
You die...

#.# #.#
##.########..# #.
#.# #.# ##.... #.#
#.######.#.## #.#
#.......###.# #.#
#.####.## ##. #.#
#.....## ## #o#
#.####.## ##.
#o####.# ##.###.#
#@..)..# ##.#.##
########.########.##
..................#
########.##########
###


You could see an orc wizard and an orc.

Vanquished Creatures
  A hound (D:3)
  An orc priest (D:3)
  An orc wizard (D:3)
  An adder (D:3)
  2 oozes (D:2)
  2 worms (D:2)
  A leopard gecko (D:3)
  3 orcs (D:3)
  2 ball pythons
  2 giant cockroaches
  4 goblins
  4 hobgoblins
  9 jackals
  11 bats
  8 frilled lizards
  4 kobolds
  11 rats
67 creatures vanquished.

Notes
Turn   | Place    | Note
-------+----------+-------------------------------------------
     0 | D:1      | PinHead the Octopode Conjurer began the quest for the Orb.
     0 | D:1      | Reached XP level 1. HP: 11/11 MP: 3/3
   376 | D:1      | Reached XP level 2. HP: 17/17 MP: 3/5
   380 | D:1      | Learned a level 2 spell: Searing Ray
  1282 | D:2      | Reached XP level 3. HP: 5/21 MP: 0/6
  2585 | D:3      | Reached skill level 5 in Conjurations
  2585 | D:3      | Reached XP level 4. HP: 9/27 MP: 0/8
  2603 | D:2      | HP: 1/27 [jackal (2)]
  3623 | D:3      | Reached XP level 5. HP: 32/32 MP: 7/10
  4036 | D:3      | Killed from afar by an orc wizard

Skill      XL: |  1  2  3 |
---------------+----------+-----
Spellcasting   | 3 |  3.9
Conjurations   | 5 |  5.2
Fighting       | |  0.6
Dodging        | |  2.0
Stealth        | |  2.6

Action                   |  1- 3 |  4- 6 || total
-------------------------+-------+-------++-------
Melee: Unarmed           |     7 |    17 ||    24
       Constrict         |     2 |     2 ||     4
       Tentacles         |       |     3 ||     3
Throw: Javelin           |     1 |       ||     1
 Cast: Magic Dart        |    70 |    49 ||   119
       Searing Ray       |     4 |     5 ||     9
Evoke: Wand              |       |     1 ||     1
  Use: Potion            |       |     2 ||     2
       Scroll            |       |     1 ||     1
 Stab: Sleeping          |     1 |       ||     1
  Eat: Chunk             |     6 |     4 ||    10
Armor: Skin              |     2 |     2 ||     4
Dodge: Dodged            |    11 |    29 ||    40
